[Event "*** Titled Tuesday Blitz"]
[Site "Chess.com"]
[Date "2021.04.06"]
[Round "8"]
[White "XDPS"]
[Black "mishanick"]
[Result "0-1"]
[WhiteElo "2747"]
[BlackElo "2941"]
[TimeControl "180+1"]
[EndTime "11:30:31 PDT"]
[Termination "mishanick won on time"]

1. e4 c5 2. Nf3 d6 3. Bb5+ Nd7 4.
O-O a6 5. Bd3 Ngf6 6. Re1 b5 7. c4 Rb8 8. cxb5 axb5 9. a3 e6 10.
Bc2 Be7 11. d4 cxd4 12. Nxd4 Qc7 13. Nc3 Ba6 14. Bd3 b4 15. axb4 Bxd3 16. Qxd3 Ne5 17. Qg3 O-O 18. b5 Qc4 19. Ra4 Qc7 20. f4 Ng6 21.
Nc6 Ra8 22. Rc4 Rfe8 23. Be3 Qb7 24. f5 exf5 25. exf5 Ne5 26. Nxe5 dxe5 27. Rc6 Rac8 28. Rxc8 Qxc8 29. Qf3 e4 30. Qf4 Bc5 31. h3 h6 32.
Qf2 Bxe3 33. Rxe3 Qc5 34. Kh2 Rd8 35. Qf4 Rd3 36. Re2 e3 37. Qf3 Kh7 38. g4 Rd2 39.
Kg2 Qd4 40. b6 Qxb6 41. Rxd2 exd2 42. Nd1 Qd4 43. Qe2 Nd5 44. Qf3 Nf4+ 45. Kg3 Nd5 46. Kg2 Qe5 47. Kf2 Nf4 48. Ne3 Nd3+ 49. Ke2 Ne1 50. Qf2 Qxb2 51. Nd1 Qc2 52. Qe3 Qc4+ 53. Kxd2 Ng2 54. Qd3 Qf4+ 55. Kc3 Qh2 56. f6+ g6 57. Qd7 Qe5+ 58. Kb3 Qxf6 59. Nc3 Nf4 60. Ne4 Qb6+ 61. Kc4 Kg7 62. Qd8 Qxd8 0-1

[Event "*** Titled Tuesday Blitz"]
[Site "Chess.com"]
[Date "2021.04.06"]
[Round "8"]
[White "Aygehovit1992"]
[Black "Byniolus"]
[Result "0-1"]
[WhiteElo "2657"]
[BlackElo "2879"]
[TimeControl "180+1"]
[EndTime "11:30:31 PDT"]
[Termination "Byniolus won by checkmate"]

1. e4 d6 2. Nc3 Nf6 3. d3 c6 4. f4 b5 5. Nf3 e6 6. h3 d5 7. g4 b4 8. e5 bxc3 9. exf6 Qxf6 10.
bxc3 Bb4 11. cxb4 Qxa1 12. Bg2 a5 13. a3 axb4 14. axb4 Na6 15. O-O Nxb4 16. Qd2 c5 17. Qf2 Qc3 18. Bd2 Qxc2 19. Rc1 Nxd3 20. Rxc2 Nxf2 21.
Kxf2 c4 22. Ne5 Ra6 23. g5 O-O 24. Bb4 Re8 25. Ke3 Ra4 26. Bc5 f6 27. gxf6 gxf6 28. Ng4 Kf7 29. Rb2 h5 30. Nf2 Ra5 31. Bb6 Ra6 32. Bf3 Rh8 33. Bc5 Ra5 34. Bd4 Ra3+ 35. Ke2 Ba6 36. Rb6 c3+ 37. Kd1 Bc4 38. Kc2 Ra2+ 39. Kxc3 Ra3+ 40. Kb4 Rxf3 41. f5 Rb3+ 42. Kc5 Rxb6 43. Kxb6 e5 44. Bc5 d4 45. Ne4 Bd5 46. Nd6+ Kg7 47. Kc7 h4 48. Kd7 d3 49. Be3 Bg2 50.
Ke6 Bxh3 51. Ne4 Re8+ 52. Kd7 Bxf5+ 53. Kxe8 Bxe4 54. Ke7 f5 55. Ke6 f4 56. Bg1 d2 57.
Kxe5 Bf3 58. Kxf4 d1=Q 59. Be3 Kg6 60. Bf2 Qe2 61. Bxh4 Qe4+ 62. Kg3 Qg4+ 63. Kf2 Qxh4+ 64. Kg1 Qg3+ 65. Kf1 Qg2+ 66. Ke1 Qe2# 0-1

[Event "*** Titled Tuesday Blitz"]
[Site "Chess.com"]
[Date "2021.04.06"]
[Round "8"]
[White "TosicSrecko"]
[Black "ajdemipopushi"]
[Result "1-0"]
[WhiteElo "2329"]
[BlackElo "2422"]
[TimeControl "180+1"]
[EndTime "11:30:31 PDT"]
[Termination "TosicSrecko won on time"]

1. e4 c5 2. Nf3 g6 3. d4 cxd4 4. Nxd4 Bg7 5. Nc3 Nc6 6. Nde2 Nf6 7. g3 O-O 8. Bg2 d6 9. O-O Rb8 10. a4 a6 11. h3 b5 12. axb5 axb5 13. Nd5 Nd7 14. c3 e6 15. Nb4 Nxb4 16. cxb4 Ne5 17. Nc3 Qc7 18. Qe2 Bd7 19. Rd1 Rfc8 20. Ra6 Nc4 21. Kh2 Ra8 22. Rxa8 Rxa8 23. Qd3 Rc8 24. Qe2 Be8 25. Rd3 h5 26. h4 Bc6 27. Qd1 Bf8 28. b3 Ne5 29. Rd2 Qb6 30. Ra2 Bb7 31. Be3 Ng4+ 32. Qxg4 Qxe3 33. fxe3 hxg4 34. Nxb5 Rb8 35.
Nd4 d5 36. exd5 Bxd5 37. Bxd5 exd5 38. b5 Bc5 39. Ra5 Bb6 40. Ra6 Bxd4 41. exd4 Rxb5 42.
Rd6 Kf8 43. Kg2 Ke7 44. Rc6 Rxb3 45. Rc2 Rd3 46. Re2+ Kf6 47. Rf2+ Kg7 48. Rf4 f5 49. h5 Kf6 50. hxg6 Kxg6 51. Kf2 Kg5 52. Kg2 Kf6 53.
Kf2 Ke6 54. Kg2 Rd2+ 55. Kf1 Ra2 56. Kg1 Rd2 57. Kf1 Kd6 58. Kg1 Kc6 59. Kf1 Kb5 60. Rxf5 Rxd4 61. Ke2 Kc4 62. Rg5 Re4+ 63. Kd2 Kd4 64.
Rf5 Kc5 65. Rg5 Ra4 66. Rg6 1-0

[Event "*** Titled Tuesday Blitz"]
[Site "Chess.com"]
[Date "2021.04.06"]
[Round "8"]
[White "ViktoriyaTarasova"]
[Black "queen_iryna"]
[Result "1-0"]
[WhiteElo "2448"]
[BlackElo "2319"]
[TimeControl "180+1"]
[EndTime "11:30:35 PDT"]
[Termination "ViktoriyaTarasova won on time"]

1. d4 d6 2. c4 e5 3. Nc3 exd4 4.
Qxd4 Nc6 5. Qd2 Nf6 6. b3 a5 7. Bb2 a4 8. e4 a3 9. Bc1 g6 10. Bd3 Bg7 11. Nge2 O-O 12. O-O Nb4 13. Bb1 Bg4 14. f3 Be6 15. Qd1 Nd7 16. Be3 Nc5 17. Bd4 Qg5 18. Bxg7 Kxg7 19. f4 Qh5 20. f5 Bd7 21. Qd4+ f6 22. Ng3 Qg5 23. Nd5 Nxd5 24. exd5 Rae8 25. Bc2 Qe3+ 26. Qxe3 Rxe3 27. Rae1 Rfe8 28.
Kf2 Rxe1 29. Rxe1 Rxe1 30. Kxe1 b5 31. fxg6 hxg6 32. Kd2 f5 33. Kc3 bxc4 34. bxc4 c6 35. Kb4 cxd5 36. cxd5 Kf6 37. Kxa3 Ke5 38. Kb4 Kxd5 39.
a4 Kd4 40. a5 Na6+ 41. Ka3 Kc3 42. Ba4 Bc8 43. Bb5 d5 44. Ne2+ Kd2 45. Nd4 Ke3 46. Nc6 d4 47. Ne7 Bb7 48. Nxg6 d3 49. Bxd3 Kxd3 50. g3 Ke3 51. Ne7 Ke4 52. h4 f4 53.
gxf4 Kxf4 54. h5 Kg5 55. h6 Kxh6 56. Nf5+ Kg5 57. Nd6 Bg2 58. Nb5 Kf6 59. Kb3 Ke5 60. Kc4 Ke6 61. Nd4+ Kd7 62. Kb5 Kc7 63. Kxa6 Kb8 64.
Kb6 Ka8 65. a6 Kb8 66. a7+ Ka8 67. Nb5 1-0

[Event "*** Titled Tuesday Blitz"]
[Site "Chess.com"]
[Date "2021.04.06"]
[Round "8"]
[White "Ind1anStar"]
[Black "mikolka1985"]
[Result "1-0"]
[WhiteElo "2519"]
[BlackElo "2649"]
[TimeControl "180+1"]
[EndTime "11:30:36 PDT"]
[Termination "Ind1anStar won on time"]

1. c4 Nf6 2. Nc3 e5 3. g3 Bb4 4. Bg2 Bxc3 5. bxc3 O-O 6. e4 d6 7. Ne2 c6 8. O-O d5 9. cxd5 cxd5 10. exd5 Nxd5 11.
d4 exd4 12. Qxd4 Nb6 13. Ba3 Re8 14. Qxd8 Rxd8 15. Rfd1 Re8 16. Nd4 Nc4 17. Re1 Rd8 18.
Be7 Re8 19. Nb5 Na6 20. Bd5 Be6 21. Bxe6 fxe6 22. Rxe6 Kf7 23. Rae1 Rac8 24. R6e4 Nd2 25. Nd6+ Kg8 26. Nxe8 Nxe4 27. Nd6 Nxd6 28. Bxd6 Rd8 29. Ba3 Rd7 30. Re8+ Kf7 31. Ra8 b6 32. Kg2 Ke6 33.
Re8+ Kd5 34. Kf3 Kc4 35. Rc8+ Kd3 36. c4 Rf7+ 37. Kg2 Ke2 38. f4 Kd3 39. c5 bxc5 40. Bxc5 Rb7 41. Kf3 Nc7 42. a3 Ne6 43. Bb4 Nd4+ 44.
Kg4 Rb5 45. Rd8 h5+ 46. Kh3 a5 47. Bf8 Ke4 48. Bxg7 Nf3 49. Re8+ Kd3 50. Rd8+ Ke2 51. g4 hxg4+ 52. Kxg4 Nxh2+ 53. Kh3 Nf3 54. Re8+ Kf2 55. Kg4 Nh2+ 56. Kh4 Nf3+ 57. Kg4 Kg2 58. Re2+ Kf1 59. Kxf3 Rb3+ 60. Re3 Rb1 61. Be5 1-0

[Event "*** Titled Tuesday Blitz"]
[Site "Chess.com"]
[Date "2021.04.06"]
[Round "8"]
[White "malakismayil"]
[Black "Doudou2015"]
[Result "0-1"]
[WhiteElo "2262"]
[BlackElo "2098"]
[TimeControl "180+1"]
[EndTime "11:30:38 PDT"]
[Termination "Doudou2015 won by resignation"]

1. e4 d6 2. d4 Nf6 3. Nc3 Nbd7 4.
g3 e5 5. Nge2 Be7 6. Bg2 h5 7.
h3 c6 8. O-O Qc7 9. Bg5 Nf8 10.
Kh2 Ne6 11. Bxf6 Bxf6 12. d5 Ng5 13. f4 exf4 14. gxf4 Nh7 15. Qd3 g5 16. fxg5 Be5+ 17. Kh1 Nxg5 18. Ng3 Nxh3 19. Nf5 Nf4 20. Rxf4 Bxf4 21.
Rf1 Be5 22. Qe3 Bxf5 23. Rxf5 O-O-O 24. Bh3 Kb8 25. Qf3 Rh7 26. Ne2 Rg8 27. c3 h4 28. Qf2 cxd5 29. exd5 Qc4 30. Qf3 Rhg7 31. Rxf7 a5 32. Rf5 Qxa2 33. Rf8+ Ka7 34. Rxg8 Qb1+ 35.
Bf1 Rxg8 36. Qf2+ Kb8 37. Ng1 Qg6 38. Bg2 Bg3 39. Qe2 h3 40. Nxh3 Qh6 41. b4 axb4 42.
cxb4 Qc1+ 43. Qf1 Qxf1+ 44. Bxf1 Rg4 45. Bg2 Rxb4 46. Ng1 Rd4 47. Ne2 Rd1+ 48. Ng1 Bf2 49. Bf3 Bxg1 50. Bxd1 Bd4 51. Bb3 Kc7 52. Kg2 Kb6 53. Kf3 Kc5 54. Ke4 b5 55. Bd1 b4 56.
Be2 b3 57. Bd3 b2 58. Bb1 Be5 59. Bd3 Kb4 60. Bb1 Kc3 61. Ke3 Bd4+ 62. Ke4 Bg1 63. Kf3 Kd2 64. Kg2 Bd4 65. Kf3 Kc1 66. Ba2 b1=Q 67. Bxb1 Kxb1 68. Ke4 Be5 69. Kf5 Kb2 70. Ke6 Kc3 71. Kd7 Kd4 72. Kc6 Kc4 73. Kd7 Kxd5 0-1

[Event "*** Titled Tuesday Blitz"]
[Site "Chess.com"]
[Date "2021.04.06"]
[Round "8"]
[White "Hasangatin_Ramil"]
[Black "karinachess1"]
[Result "0-1"]
[WhiteElo "2563"]
[BlackElo "2495"]
[TimeControl "180+1"]
[EndTime "11:30:41 PDT"]
[Termination "karinachess1 won by resignation"]

1. e4 e5 2. Nf3 Nc6 3. Bb5 a6 4. Ba4 Nf6 5. Bxc6 dxc6 6. d3 Bd6 7. Bg5 h6 8. Bh4 g5 9. Bg3 Qe7 10. Nbd2 Bg4 11. h3 Bh5 12. Bh2 O-O-O 13. Qe2 c5 14. Nc4 Nd7 15. O-O-O Kb8 16. Kb1 f6 17. g4 Bf7 18.
Nfd2 Nf8 19. Nf1 Ne6 20. Nfe3 Nd4 21. Qe1 Qe6 22. b3 Rhe8 23. Bg3 h5 24. Nf5 Bf8 25. Kb2 h4 26. Bh2 b5 27. Nce3 Qb6 28. c3 Nc6 29.
c4 Nd4 30. Nd5 Qc6 31. Qa5 Kb7 32. Rc1 Bxd5 33. exd5 Qb6 34. Qxb6+ Kxb6 35. Nxd4 cxd4 36. cxb5 Rxd5 37. Rc6+ Kb7 38. Rhc1 Bd6 39. bxa6+ Ka7 40. b4 Rb8 41. a3 Rb6 42. Rxc7+ Bxc7 43. Rxc7+ Kxa6 44. Kb3 Rdd6 45. a4 Rb7 46. Rc5 Ka7 47. f3 Kb8 48.
Bg1 Rc7 49. Kc4 Rdc6 50. Bf2 Kb7 51. Be1 Kb6 52. a5+ Kb7 53. Bd2 Rxc5+ 54. bxc5 Kc6 55.
Bb4 Ra7 56. Bd2 Ra6 57. Bb4 Ra8 58. Bd2 Rf8 59. Bb4 f5 60. gxf5 Rxf5 61. a6 Rxf3 62.
Ba5 Rf8 63. a7 Ra8 64. Bb6 g4 65. hxg4 h3 66. Bd8 h2 67. Bf6 h1=Q 0-1

[Event "*** Titled Tuesday Blitz"]
[Site "Chess.com"]
[Date "2021.04.06"]
[Round "8"]
[White "ViditYT"]
[Black "Witik"]
[Result "1-0"]
[WhiteElo "2938"]
[BlackElo "2730"]
[TimeControl "180+1"]
[EndTime "11:30:42 PDT"]
[Termination "ViditYT won on time"]

1. d4 Nf6 2. c4 g6 3. g3 Bg7 4. Bg2 O-O 5. Nc3 d6 6. Nf3 Nc6 7. O-O a6 8. b3 Rb8 9. d5 Na5 10.
Bg5 c5 11. dxc6 bxc6 12. c5 h6 13. Bd2 d5 14. Bf4 Rb4 15. Be5 Nd7 16. Bxg7 Kxg7 17. Rc1 e5 18. Qd2 Rb8 19. e4 d4 20. Na4 Nb7 21.
Ne1 a5 22. Nd3 Qe7 23. f4 f6 24. Rf2 Nd8 25. Qxa5 Ne6 26. fxe5 Nxe5 27. Nxe5 fxe5 28. Rxf8 Nxf8 29. Nb6 Bg4 30. Qd2 Rd8 31. a4 d3 32. a5 Be2 33. a6 Ne6 34. b4 Nd4 35. Rb1 Rf8 36. Nc4 Qf6 37. Kh1 Qf2 38. a7 Nf3 39.
Qe3 Qxe3 40. Nxe3 d2 41. Bxf3 Bxf3+ 42. Kg1 Ra8 43. Ra1 Bxe4 44. Kf2 Bd3 45. Nd1 Bc2 46. Ke2 e4 47. Kxd2 Bxd1 48. Kxd1 Kf6 49. Kd2 Ke5 50. Ke3 Kd5 51. Rd1+ Kc4 52. Rd4+ Kb5 53. Kxe4 Rxa7 54.
h4 Re7+ 55. Kf4 Rf7+ 56. Ke5 Rf3 57. Rg4 g5 58. hxg5 hxg5 59. Rxg5 Kxb4 60. Kd6 Kb5 61. g4 Rd3+ 62. Kc7 Rc3 63. Rf5 Rg3 64. g5 Rg1 65. Kd6 Rd1+ 66. Ke6 Re1+ 67. Kf7 1-0

[Event "*** Titled Tuesday Blitz"]
[Site "Chess.com"]
[Date "2021.04.06"]
[Round "8"]
[White "Rish_97"]
[Black "Mikhail_Golubev"]
[Result "1-0"]
[WhiteElo "2699"]
[BlackElo "2560"]
[TimeControl "180+1"]
[EndTime "11:30:42 PDT"]
[Termination "Rish_97 won on time"]

1. e4 c5 2. Nf3 d6 3. d4 Nf6 4. dxc5 Nxe4 5. cxd6 Nc6 6. Bf4 e5 7. Be3 Bxd6 8. Nbd2 Nxd2 9. Qxd2 Bb4 10. c3 Qxd2+ 11. Nxd2 Be7 12. g3 O-O 13. Bg2 f5 14. Bd5+ Kh8 15.
Nc4 f4 16. Bd2 Rd8 17. Bxc6 bxc6 18. Nxe5 Re8 19. gxf4 Bf6 20. Be3 Bxe5 21. fxe5 Rxe5 22.
O-O-O Be6 23. Rhg1 Bd5 24. Bd4 Re7 25. Rde1 Rf7 26. Re5 Rd8 27. Reg5 Rdd7 28. a4 h6 29. Re5 Kh7 30. a5 a6 31. Re8 Rb7 32. b4 Bc4 33.
Kd2 Rbe7 34. Re1 Rxe8 35. Rxe8 Rd7 36. Rb8 Re7 37. Rb6 Bb5 38. Rb8 Kg6 39. Rd8 Kf5 40. Rd6 Re6 41. Rxe6 Kxe6 42. Bxg7 h5 43. Ke3 Kd5 44. Kf4 Ke6 45. Ke4 Be2 46. Kd4 Kf7 47. Bh6 Ke6 48. Kc5 Kd7 49. c4 Kc7 50. Bf4+ Kb7 51.
Kd4 Bf1 52. Bd6 Kc8 53. f4 Kd7 54. Be5 Ke6 55. Kc5 Kd7 56. f5 Be2 57. f6 Ke6 58.
Bd4 Bd3 59. h4 Be2 60. Bc3 Bd3 61. Kd4 Be2 62. Kc5 Bd3 63. Ba1 Be2 64. Kxc6 Bf1 65.
Kc5 1-0

[Event "*** Titled Tuesday Blitz"]
[Site "Chess.com"]
[Date "2021.04.06"]
[Round "8"]
[White "731291"]
[Black "VD_coach"]
[Result "1-0"]
[WhiteElo "2668"]
[BlackElo "2507"]
[TimeControl "180+1"]
[EndTime "11:30:45 PDT"]
[Termination "731291 won by checkmate"]

1. e4 c5 2. Nc3 d6 3. Bb5+ Bd7 4. Bxd7+ Nxd7 5. Nf3 Ngf6 6. O-O g6 7. d4 cxd4 8. Nxd4 Bg7 9. Nd5 O-O 10. Re1 Rc8 11.
Nxf6+ Nxf6 12. c3 a6 13. a4 Qa5 14. Bd2 Qh5 15. Qxh5 Nxh5 16. Be3 Nf6 17. f3 Rc4 18. Nb3 Nd7 19. Red1 Rfc8 20. Kf2 Kf8 21. g3 h5 22.
Ke2 Ke8 23. Na5 R4c7 24. Nb3 Rc4 25. Rd5 Be5 26. Rd3 Bg7 27. Rdd1 Be5 28. Nd2 R4c7 29. f4 Bg7 30. h3 Nc5 31. g4 h4 32. a5 Ne6 33. Kf3 Nc5 34. Ke2 Ne6 35. Ra4 Nc5 36. Rb4 e6 37. Rb6 Bf8 38. Kf3 Nd3 39. Ke2 Nc5 40.
Bxc5 Rxc5 41. Rxb7 Rxa5 42. Nb3 Rb5 43. Rxb5 axb5 44.
Ra1 b4 45. Kd3 bxc3 46. bxc3 Bg7 47. Nd4 Bxd4 48. Kxd4 Ke7 49. Ra7+ Kf6 50. Rd7 Rc6 51. c4 e5+ 52. Kd5 Rc5+ 53. Kxd6 Rxc4 54. fxe5+ Kg5 55. Rxf7 Rd4+ 56. Ke6 Rxe4 57. Rf3 Re1 58. Kd6 Ra1 59. e6 Ra6+ 60. Ke7 Ra7+ 61. Kf8 Ra8+ 62. Kf7 Rh8 63.
e7 Rh7+ 64. Ke6 Rh8 65. Rf8 Rh7 66. e8=Q Rg7 67. Qd8+ Kh6 68. Qxh4# 1-0

[Event "*** Titled Tuesday Blitz"]
[Site "Chess.com"]
[Date "2021.04.06"]
[Round "8"]
[White "MVM2008"]
[Black "stepakyedael"]
[Result "0-1"]
[WhiteElo "2123"]
[BlackElo "2283"]
[TimeControl "180+1"]
[EndTime "11:30:45 PDT"]
[Termination "stepakyedael won by checkmate"]

1. e4 c5 2. Nf3 e6 3. d4 cxd4 4. Nxd4 a6 5. Nc3 Qc7 6. a3 Nf6 7. f4 d6 8. Be3 Nbd7 9. g4 b5 10. g5 Ng8 11. f5 Nc5 12. b4 Na4 13. Ncxb5 axb5 14. Bxb5+ Bd7 15. fxe6 fxe6 16. Nxe6 Qc3+ 17. Bd2 Qe5 18. Bxd7+ Kxd7 19. Nxf8+ Rxf8 20. Qg4+ Kc7 21. Rd1 Nb2 22. Rb1 Nc4 23. Rb3 Nxd2 24. Kxd2 Rf4 25. Qg3 Qd4+ 26. Rd3 Qf2+ 27. Qxf2 Rxf2+ 28. Kc3 Ne7 29.
Rhd1 Rd8 30. e5 d5 31. Rh3 Ng6 32. Rxh7 Rd7 33. e6 Re7 34. Rxd5 Rf3+ 35. Kb2 Nf4 36. Rd7+ Rxd7 37. exd7 Ne6 38. g6 Kxd7 39. h4 Rf8 40.
h5 Kd6 41. h6 gxh6 42. Rxh6 Rg8 43. c3 Kd5 44. Kb3 Nf4 45. Rh1 Rxg6 46. Rd1+ Kc6 47. Rd4 Ne6 48. Rc4+ Kb6 49. Re4 Nc7 50. Re5 Rg3 51.
a4 Rg1 52. Re4 Rb1+ 53. Kc4 Rd1 54. a5+ Kb7 55. Re5 Rc1 56. Re3 Rh1 57. Kb3 Rh5 58. c4 Na6 59. b5 Nc5+ 60. Kb4 Kc7 61. b6+ Kc6 62. Re7 Na6+ 63. Kc3 Rh3+ 64. Kd4 Rh4+ 65. Kc3 Rh3+ 66. Kd4 Rh1 67. Ra7 Rd1+ 68. Kc3 Nc5 69. Rc7+ Kd6 70. Rc8 Ra1 71. Rc7 Ra3+ 72.
Kb4 Rb3# 0-1

[Event "*** Titled Tuesday Blitz"]
[Site "Chess.com"]
[Date "2021.04.06"]
[Round "8"]
[White "Kapibara_Warri0r"]
[Black "reniite"]
[Result "0-1"]
[WhiteElo "2231"]
[BlackElo "2064"]
[TimeControl "180+1"]
[EndTime "11:30:51 PDT"]
[Termination "reniite won by checkmate"]

1. d4 Nf6 2. c3 d5 3. Bf4 c5 4. e3 e6 5. Nf3 Bd6 6. Be5 Nc6 7. Bd3 Qe7 8. Nbd2 O-O 9. Rc1 Nd7 10. Bxd6 Qxd6 11. Bxh7+ Kxh7 12. Ng5+ Kg8 13. Qh5 Nf6 14. Qh4 e5 15. e4 exd4 16. exd5 Re8+ 17. Kf1 Qe5 18.
Nde4 Bf5 19. Re1 Bxe4 20. Rxe4 Qxd5 21. f3 dxc3 22. bxc3 Rxe4 23. fxe4 Qd3+ 24. Kf2 Re8 25. Re1 Ne5 26. h3 Qc2+ 27. Re2 Qxc3 28. Re3 Qd2+ 29.
Re2 Qd4+ 30. Kf1 Ng6 31. Qg3 Qa1+ 32. Re1 Qe5 33. Qb3 Rf8 34. Nf3 Qf4 35. e5 Nh5 36. e6 Ng3+ 37. Kg1 fxe6 38. Qxe6+ Kh7 39. h4 Rf6 40. Ng5+ Qxg5 41. hxg5 Rxe6 42. Rxe6 Nf5 43. Re8 b6 44. Ra8 Nd4 45. Rxa7 Nf4 46. Rb7 b5 47. Rb6 Nfe6 48. Rb8 Kg6 49. Kf2 Kxg5 50. Ke3 Kf5 51. Rg8 Ke5 52. g4 g5 53. Rg6 c4 54. Rg8 b4 55. Rb8 b3 56. axb3 cxb3 57. Rb4 Kd5 58. Rb8 Kc4 59. Kd2 Nc5 60. Rc8 Nf3+ 61. Kc1 Ne5 62. Kb2 Nd3+ 63. Kb1 Ne5 64. Rg8 Nf3 65. Rf8 Nd4 66. Rg8 Ne4 67. Rg6 Nc3+ 68. Kb2 Ne4 69. Rg8 Kd3 70. Rc8 Nd2 71. Rd8 Nc4+ 72. Kb1 Kc3 73. Rg8 Nd2+ 74. Kc1 b2+ 75. Kd1 b1=Q# 0-1

[Event "*** Titled Tuesday Blitz"]
[Site "Chess.com"]
[Date "2021.04.06"]
[Round "8"]
[White "ahmad_alkhatib11"]
[Black "ethylalcohol"]
[Result "1-0"]
[WhiteElo "2275"]
[BlackElo "2106"]
[TimeControl "180+1"]
[EndTime "11:30:52 PDT"]
[Termination "ahmad_alkhatib11 won by checkmate"]

1. Nf3 Nf6 2. g3 g6 3. b3 Bg7 4. Bb2 d6 5. d4 O-O 6. Bg2 Nc6 7.
O-O e5 8. dxe5 Ng4 9. c4 Ngxe5 10. Nc3 Bg4 11. Nxe5 Nxe5 12. h3 Bd7 13. Kh2 Rb8 14. Qd2 f5 15. e3 g5 16. f4 Ng6 17. Rad1 h5 18. fxg5 Qxg5 19. h4 Nxh4 20. gxh4 Qxh4+ 21. Kg1 Be5 22. Rf3 Qh2+ 23. Kf1 f4 24. exf4 Bxf4 25. Qd5+ Kh7 26. Ne2 Be5 27. Bxe5 Rxf3+ 28. Qxf3 Qxe5 29. Qe4+ Qf5+ 30. Qxf5+ Bxf5 31. Ng3 Bg4 32. Re1 Rf8+ 33. Kg1 h4 34. Ne4 h3 35. Bxh3 Rg8 36. Nf6+ Kg6 37.
Nxg8 Bxh3 38. Ne7+ Kf7 39. Nd5 Be6 40. Nf4 Bf5 41.
Kf2 Kf6 42. Ne2 Bc2 43. Rc1 Bd3 44. Rc3 Bf5 45. Ke3 Ke5 46. Ng3 Bg4 47. Nf1 c6 48.
Kd2 d5 49. cxd5 cxd5 50. Rg3 Bf5 51. Ne3 Be4 52. Rg5+ Kf4 53. Rg4+ Ke5 54. Rg7 d4 55. Nc4+ Kd5 56. Rg5+ Ke6 57. Rg4 Bf5 58. Rxd4 b5 59. Ne3 Bb1 60. Rb4 a6 61. a4 bxa4 62. Rxa4 Be4 63. Rxa6+ Kd7 64. Ra5 Kc6 65. Nc4 Bd5 66.
Kc3 Bf7 67. Ra6+ Kb5 68. Ra5+ Kc6 69. Rg5 Bd5 70. Rxd5 Kxd5 71. b4 Kc6 72. Na3 Kb6 73. Kc4 Kc6 74. b5+ Kb6 75. Kb4 Kb7 76. Nc4 Kc7 77. Kc5 Kb7 78. b6 Ka6 79. Ne5 Kb7 80.
Kb5 Kb8 81. Kc6 Kc8 82. b7+ Kb8 83. Nd7+ Ka7 84. b8=Q+ Ka6 85. Qb6# 1-0

[Event "*** Titled Tuesday Blitz"]
[Site "Chess.com"]
[Date "2021.04.06"]
[Round "8"]
[White "Eloist"]
[Black "Deepweb2020"]
[Result "1/2-1/2"]
[WhiteElo "2359"]
[BlackElo "2515"]
[TimeControl "180+1"]
[EndTime "11:30:54 PDT"]
[Termination "Game drawn - insufficient material"]

1. e4 e5 2. Bc4 Nf6 3. d3 Bc5 4. Nf3 d6 5. O-O O-O 6. c3 a6 7. Bb3 Ba7 8. Nbd2 Nc6 9. h3 d5 10. exd5 Nxd5 11. Re1 Nf4 12. d4 exd4 13. Ne4 Ne6 14.
Nfg5 dxc3 15. Qc2 g6 16. bxc3 Kg7 17. Ba3 Nxg5 18. Rad1 Bf5 19. Rxd8 Rfxd8 20. h4 Nxe4 21. Rxe4 h5 22. Qe2 Bxe4 23. Qxe4 Rd2 24. Kh2 Rxf2 25. Bc1 Rd8 26. Be3 Bxe3 27. Qxe3 Rdd2 28. Bd5 Rxd5 29. Qxf2 Re5 30. Qf4 f6 31. Qd2 Kf7 32. Qd7+ Re7 33. Qd5+ Kg7 34. a4 Ne5 35. Qxb7 Ng4+ 36. Kg3 Re3+ 37.
Kf4 Rxc3 38. Qxa6 Rc1 39. a5 Rf1+ 40. Ke4 Re1+ 41. Kd4 Rd1+ 42. Kc3 Rc1+ 43. Kb2 Rc5 44. Qb7 Ne3 45. a6 Nc4+ 46. Ka2 Nb6 47. a7 Ra5+ 48. Kb3 Rb5+ 49. Kc2 Rc5+ 50. Kd3 Rd5+ 51. Ke3 Re5+ 52. Kf2 Re7 53. a8=Q Nxa8 54. Qxa8 Kf7 55.
Qc6 Kg7 56. Qd5 Rf7 57. Kf3 Re7 58. g4 hxg4+ 59. Kxg4 Kf8 60. Qd3 Kg7 61. Qc4 Re4+ 62. Qxe4 f5+ 63. Kf4 fxe4 64. Kxe4 Kh6 65. Ke5 Kh5 66.
Kf6 Kxh4 67. Kxg6 c5 68. Kf5 c4 69. Ke4 c3 70. Kd3 c2 71. Kxc2 1/2-1/2

[Event "*** Titled Tuesday Blitz"]
[Site "Chess.com"]
[Date "2021.04.06"]
[Round "8"]
[White "zmeeed67"]
[Black "Chopper1905"]
[Result "1-0"]
[WhiteElo "2462"]
[BlackElo "2915"]
[TimeControl "180+1"]
[EndTime "11:30:55 PDT"]
[Termination "zmeeed67 won on time"]

1. d4 f5 2. Nc3 Nf6 3. Bg5 d5 4.
Bxf6 exf6 5. e3 Be6 6. Bd3 c6 7. Qf3 g6 8. h3 h5 9. Nge2 Bd6 10. g4 fxg4 11. hxg4 Bxg4 12. Bxg6+ Ke7 13. Qg2 Rg8 14. Bh7 Rg7 15. f3 Rxh7 16. fxg4 h4 17. g5 Nd7 18. O-O-O Qh8 19. e4 h3 20. Qf3 fxg5 21.
exd5 Rf8 22. Qe4+ Kd8 23. dxc6 bxc6 24. Qxc6 Rh6 25. Kb1 g4 26. Nd5 g3 27. Qa8+ Bb8 28. Nxg3 h2 29. Ne4 Qh7 30. Nc5 Rf2 31. Rc1 Rd6 32. Nb7+ Kc8 33. Nxd6+ Kd8 34. Nb7+ Kc8 35. Nd6+ Kd8 36. Nc4 Qe4 37. Nce3 Rxc2 38. Nxc2 Qg2 39. Qb7 Bf4 40. Qb3 Bxc1 41. Rxc1 h1=Q 42. Rxh1 Qxh1+ 43. Ne1 Qxe1+ 44. Kc2 Qe4+ 45. Kd2 Qg2+ 46. Kc1 Qf1+ 47. Qd1 Qc4+ 48. Nc3 Nb6 49. Qe2 Qg8 50. Kc2 Qg6+ 51. Qd3 Qg2+ 52. Qe2 Qg3 53. d5 Qf4 54. Qd3 Qf2+ 55.
Qd2 Qf5+ 56. Qd3 Qe5 57. d6 Qh2+ 58. Qd2 Qh7+ 59. Kc1 Nc4 60. Qe2 Qh6+ 61. Kc2 Nxd6 62. Qd2 Qg6+ 63. Qd3 Qg2+ 64. Qd2 Qg6+ 65. Qd3 Qg2+ 66.
Qd2 Qc6 67. Qd3 Kc8 68. a3 Qg2+ 69. Kb1 Qh2 70. Qd4 Qh1+ 71. Kc2 1-0

[Event "*** Titled Tuesday Blitz"]
[Site "Chess.com"]
[Date "2021.04.06"]
[Round "8"]
[White "Balla_Tamas"]
[Black "Fy_Rakotomaharo"]
[Result "1/2-1/2"]
[WhiteElo "2561"]
[BlackElo "2689"]
[TimeControl "180+1"]
[EndTime "11:31:01 PDT"]
[Termination "Game drawn by agreement"]

1. e4 e5 2. Nf3 Nc6 3. d4 exd4 4.
Nxd4 Nf6 5. Nxc6 bxc6 6. e5 Qe7 7. Qe2 Nd5 8. c4 Nb6 9. b3 a5 10. Ba3 Qe6 11. Bxf8 Kxf8 12. a4 g6 13. g3 Kg7 14.
Bg2 Re8 15. f4 Ba6 16. Nc3 d5 17. exd6 Qxd6 18. Ne4 Qb4+ 19. Qd2 f5 20. Qxb4 axb4 21. O-O-O fxe4 22. Rhe1 c5 23. a5 Nc8 24. Bxe4 Ra7 25.
Rd7+ Re7 26. Bc6 Rxd7 27. Bxd7 Kf7 28. Re5 Nd6 29. Rxc5 Bc8 30. Bxc8 Nxc8 31. Kd2 Nd6 32. Ke3 Ke6 33. g4 Kd7 34. Kd4 Ra8 35. Re5 Rf8 36.
Ke3 Kc6 37. h4 h5 38. gxh5 Nf5+ 39. Ke4 Ng3+ 40. Kd3 Nxh5 41. Rb5 Nxf4+ 42. Ke4 Ne6 43. Rxb4 Ra8 44. Rb5 Nc5+ 45. Kd4 Nb7 46. b4 Nd6 47. Rc5+ Kd7 48. Rg5 Nf5+ 49. Kc3 Nxh4 50. Rg4 Rh8 51. a6 Kc6 52. b5+ Kb6 53. Kb4 c5+ 54. bxc6 Kxc6 55. Ka5 Kc7 56. c5 Rh6 57. Rb4 Rh8 58. a7 Ra8 59. Ka6 Nf5 60. Rb7+ Kc8 61. Rb6 Nd4 62.
Rxg6 Kc7 63. Rg7+ Kc6 64. Rg6+ Kxc5 65. Rg5+ Kc4 66. Kb7 Rxa7+ 67. Kxa7 Nc6+ 68. Kb6 Nd4 69. Rc5+ Kd3 70. Rd5 Ke3 71. Kc5 Nb3+ 72. Kc4 Nd2+ 73. Kc3 Ne4+ 74. Kc4 Kf4 75. Rd4 Ke5 76. Kd3 Nc5+ 77.
Ke3 Ne6 78. Ra4 Kd5 79. Ra5+ Nc5 80. Rb5 Kc4 1/2-1/2

[Event "*** Titled Tuesday Blitz"]
[Site "Chess.com"]
[Date "2021.04.06"]
[Round "8"]
[White "ChampStan"]
[Black "Rytenko_V"]
[Result "0-1"]
[WhiteElo "2049"]
[BlackElo "2376"]
[TimeControl "180+1"]
[EndTime "11:31:02 PDT"]
[Termination "Rytenko_V won on time"]

1. d4 d5 2. c4 c6 3. Nc3 Nf6 4. cxd5 cxd5 5. Bf4 Nc6 6. Nf3 Qb6 7. Na4 Qa5+ 8. Bd2 Qd8 9. e3 Bg4 10. Be2 e6 11.
O-O Bd6 12. Nc5 Qe7 13. b4 a6 14. a4 O-O 15. Rc1 h6 16. h3 Bh5 17. Ne1 Bxe2 18. Qxe2 b6 19. Nxa6 Nxb4 20. Bxb4 Bxb4 21. Nxb4 Qxb4 22.
Nd3 Qxa4 23. Ne5 Rfc8 24. Rb1 Rab8 25. Ra1 Qc2 26. Qb5 Rc7 27. Rfb1 Ne4 28. Rb2 Qc3 29. Rab1 f6 30. Nf3 Rbc8 31. Qxb6 Rc6 32. Qb7 R8c7 33. Qb8+ Rc8 34. Qb7 R6c7 35. Qb6 Qc6 36. Qxc6 Rxc6 37.
Nd2 Rc1+ 38. Rxc1 Rxc1+ 39. Nf1 Nc3 40. g3 Na4 41. Rd2 Nb6 42. Kg2 Nc4 43. Re2 Kf7 44. e4 dxe4 45. f3 exf3+ 46. Kxf3 Rc3+ 47. Kg2 Nd6 48. Rd2 Ra3 49. d5 e5 50. Rc2 Ra7 51. Rc6 Rd7 52.
Ne3 g6 53. Kf3 f5 54. g4 f4 55. Nc2 g5 56. Nb4 e4+ 57. Ke2 Ne8 58. Rc5 Nf6 59. Rc6 Nxd5 60. Nxd5 Rxd5 61. Rxh6 Ra5 62. Rh7+ Kg6 63.
Re7 Ra2+ 64. Kf1 Ra4 65. Kf2 Kf6 66. Re8 Rb4 67. Ke2 Rb2+ 68. Kf1 e3 69. Re4 Rh2 0-1